 Dungeon Crawl Stone Soup version 0.28.0-53-g5a82cb258f (webtiles) character file.

Game seed: 5381781929076901100

112842 Peloso the Tortoise (level 16, -36/151 HPs)
             Began as a Minotaur Fighter on July 7, 2022.
             Was the Champion of Okawaru.
             Killed from afar by a deep elf annihilator (66 damage)
             ... with a crystal spear
             ... on level 1 of the Elven Halls.
             The game lasted 01:05:44 (34004 turns).

Peloso the Tortoise (Minotaur Fighter)             Turns: 34004, Time: 01:05:45

Health: -36/151    AC: 25    Str: 25    XL:     16   Next: 12%
Magic:  18/18      EV:  9    Int:  5    God:    Okawaru [******]
Gold:   2066       SH: 14    Dex: 14    Spells: 15/15 levels left

rFire   + . .      SeeInvis .   a - +12 long sword (vorpal)
rCold   + . .      Faith    .   j - +1 kite shield of Rikieg {Drain +Inv Regen+ Stlth+}
rNeg    . . .      Spirit   .   u - +1 plate armour {Will+}
rPois   .          Reflect  .   (helmet restricted)
rElec   .          Harm     .   y - scarf {rC+ rF+}
rCorr   .          Rampage  .   r - +2 pair of gloves
Will    +++..                   C - +0 pair of boots
Stlth   ..........              (no amulet)
HPRegen 1.15/turn               D - +4 ring of slaying
MPRegen 0.16/turn               d - ring of willpower

@: lethally poisoned (-36 -> -37)
A: horns 2, retaliatory headbutt
a: Renounce Religion, Evoke Invisibility, Heroism, Finesse, Duel


You were on level 1 of the Elven Halls.
You worshipped Okawaru.
Okawaru was exalted by your worship.
You visited 5 branches of the dungeon, and saw 25 of its levels.

You collected 2889 gold pieces.
You spent 823 gold pieces at shops.

Inventory:

Hand Weapons
 a - a +12 vorpal long sword (weapon)
 b - a +2 vorpal double sword
 c - a +3 scimitar of flaming
Armour
 g - a +1 plate armour of poison resistance
 j - the +1 kite shield of Rikieg (worn) {Drain +Inv Regen+ Stlth+}
   (Okawaru gifted it to you on level 14 of the Dungeon)

   +Inv:      It lets you turn invisible.
   Regen:     It increases your rate of health regeneration.
   Drain:     It drains your maximum health when unequipped.
   Stlth:     It makes you more stealthy.
 r - a +2 pair of gloves (worn)
 u - a +1 plate armour of willpower (worn)
 y - a scarf of resistance (worn)
 C - a +0 pair of boots (worn)
 K - a +2 chain mail of cold resistance
Jewellery
 d - a ring of willpower (right hand)
 i - a ring of see invisible
 w - a ring of protection from fire
 z - a ring of protection from cold
 D - a +4 ring of slaying (left hand)
Wands
 o - a wand of iceblast (3)
 p - a wand of acid (7)
 q - a wand of digging (1)
Scrolls
 e - 9 scrolls of teleportation
 f - 3 scrolls of immolation
 m - 4 scrolls of magic mapping
 t - 4 scrolls of blinking
 x - a scroll of amnesia
 E - 5 scrolls of noise
 H - 4 scrolls of identify
Potions
 h - 3 potions of curing
 k - 2 potions of haste
 l - a potion of brilliance
 n - a potion of mutation
 v - a potion of heal wounds
 B - a potion of ambrosia {unknown}
Miscellaneous
 s - a tin of tremorstones (2/2)
 A - a condenser vane


   Skills:
 + Level 16.0 Fighting
 + Level 17.8 Long Blades
 + Level 5.5 Axes
 + Level 0.8(3.5) Polearms
 + Level 18.6 Armour
 + Level 4.9 Dodging
 + Level 2.3 Stealth
 + Level 15.3 Shields
 + Level 4.6 Invocations
 + Level 2.3 Evocations


You had 15 spell levels left.
You didn't know any spells.
Your spell library contained the following spells:

 Spells                   Type           Power      Damage    Failure   Level
 Beastly Appendage        Tmut           0%         N/A       99%         1
 Foxfire                  Conj/Fire      0%         2x1d4     99%         1
 Freeze                   Ice            0%         1d3       99%         1
 Slow                     Hex            0%         N/A       99%         1
 Sublimation of Blood     Necr           0%         N/A       100%        2
 Wereblood                Tmut           0%         N/A       100%        2
 Confusing Touch          Hex            0%         N/A       100%        3
 Conjure Flame            Conj/Fire      0%         6-21      100%        3
 Dazzling Flash           Conj/Hex       0%         N/A       100%        3
 Frozen Ramparts          Ice            0%         1d2       100%        3
 Inner Flame              Hex/Fire       0%         N/A       100%        3
 Vampiric Draining        Necr           0%         2d6       100%        3
 Flame Wave               Conj/Fire      0%         2d4       100%        4
 Fulminant Prism          Conj/Hex       0%         3d6       100%        4
 Hailstorm                Conj/Ice       0%         3d3       100%        4
 Iskenderun's Mystic Bla  Conj/Tloc      0%         2d3       100%        4
 Passage of Golubria      Tloc           0%         N/A       100%        4
 Agony                    Necr           0%         N/A       100%        5
 Fireball                 Conj/Fire      0%         3d3       100%        5
 Lee's Rapid Deconstruct  Erth           0%         3d5*      100%        5
 Silence                  Hex/Air        0%         N/A       100%        5
 Yara's Violent Unravell  Hex/Tmut       0%         3d3       100%        5
 Starburst                Conj/Fire      0%         6d3       100%        6
 Orb of Destruction       Conj           0%         9d5       100%        7
 Ignition                 Fire           0%         3d3       100%        8
 Tukima's Dance           Hex            Unusable   N/A       N/A         3
 Summon Hydra             Summ           Unusable   N/A       N/A         7

Dungeon Overview and Level Annotations

Branches:
Dungeon (15/15)            Temple (1/1) D:7            Lair (6/6) D:9
  Swamp (0/4) Lair:2        Snake (0/4) Lair:4        Slime (0/5) Lair:5
    Orc (2/2) D:12            Elf (1/3) Orc:2        Vaults (0/5) D:13
 Depths (0/4) D:15

Altars:
Ashenzari
Dithmenos
Elyvilon
Makhleb
Okawaru
Ru
Sif Muna
Wu Jian
Yredelemnul

Shops:
D:8 *   D:12 (   D:14 *!   Orc:2 [(?:!


Innate Abilities, Weirdness & Mutations

You have a pair of horns on your head.
You reflexively headbutt those who attack you in melee.


Message History

You slice the deep elf zephyrmancer!!
The deep elf zephyrmancer is heavily wounded.
You feel sick.
The deep elf zephyrmancer barely misses you.
The +1 vorpal trident hits you but does no damage.
You slash the deep elf zephyrmancer!
Your headbutt misses the deep elf zephyrmancer.
The deep elf zephyrmancer is severely wounded.
You feel sick.
The deep elf zephyrmancer casts a spell at you.
The bolt of lightning hits you! The +1 vorpal trident misses you.
You furiously retaliate!
You headbutt the +1 vorpal trident!
The deep elf pyromancer casts a spell at you.
The bolt of fire hits the +1 vorpal trident.
The +1 vorpal trident resists.
The bolt of fire misses you.
You closely miss the deep elf zephyrmancer.
You headbutt the deep elf zephyrmancer!
The deep elf zephyrmancer is almost dead.
You feel sick.
The +1 vorpal trident closely misses you.
The deep elf zephyrmancer points at you and mumbles some strange words.
The bolt of lightning hits you!!
The deep elf pyromancer gestures wildly while chanting.
The deep elf pyromancer blinks!
You barely miss the deep elf zephyrmancer.
You headbutt the deep elf zephyrmancer.
You kill the deep elf zephyrmancer!
Okawaru accepts your kill.
You feel sick. The +1 vorpal trident hits you!
* * * LOW HITPOINT WARNING * * *
x2 Unknown command.
You feel sick.
The +1 vorpal trident hits you from afar.
* * * LOW HITPOINT WARNING * * *
x2 You block the deep elf pyromancer's attack.
The +1 vorpal trident hits you from afar.
* * * LOW HITPOINT WARNING * * *
x2 The deep elf annihilator gestures at you while chanting.
The crystal spear hits you!!!
You die...

)##....# #...^...#
)####..# #.......# #.
)####..# #####...# .##.
.).....# ####...# #...
######.####...)..##### .
######.#............##..
....##...#......e.....#
###.######...........##
.##.# #......@....#
.##.# ##....e)#.###
.##.# #......(## ....#
##.....#e# .##.#
#.....##.# ..#.# #...###
..# ....# #... ...
....## #... ... ........
.... ...


You could see a deep elf annihilator, 2 deep elf pyromancers and a +1 vorpal
trident.

Vanquished Creatures
  Jorgrun (D:15)
  Rupert (D:15)
  A minotaur (Lair:4)
  Azrael (Orc:2)
  A deep elf demonologist (Elf:1)
  A deep elf annihilator (Elf:1)
  Snorg (Lair:6)
  The ghost of Fiha the Thaumaturge, a journeyman VSTm of Dithmenos (Lair:4)
  A fire dragon (D:15)
  5 boulder beetles
  12 hydras
  6 centaur warriors
  4 dancing weapons
  2 two-headed ogres
  7 death yaks
  6 orc high priests (Orc:2)
  A wizard (D:15)
  4 deep elf archers (Elf:1)
  12 orc knights
  16 deep elf pyromancers
  A necromancer (D:15)
  6 ugly things
  5 deep elf zephyrmancers (Elf:1)
  4 cyclopes
  5 manticores
  10 elephants
  10 black mambas
  2 torpor snails
  Maggie (D:6)
  3 naga magi (D:15)
  15 cane toads
  2 gargoyles (D:13)
  An unseen horror (D:10)
  3 rime drakes
  An efreet (D:14)
  A freezing wraith (D:15)
  6 komodo dragons
  11 polar bears
  A tyrant leech (Lair:2)
  6 hornets
  4 trolls
  Prince Ribbit (D:6)
  11 dream sheep
  12 blink frogs
  7 slime creatures
  A meliai zombie (D:11)
  3 shadows
  A centaur simulacrum (D:14)
  5 wyverns
  Sigmund (D:4)
  3 water elementals
  A vampire (D:12)
  15 spriggans (Lair:6)
  A wraith (D:10)
  40 yaks
  A steam dragon (D:10)
  5 fire elementals
  6 basilisks
  7 vampire mosquitoes
  An acid dragon (D:10)
  A swamp worm (Lair:2)
  A warg (Orc:1)
  A hell hound (Orc:1)
  24 water moccasins
  A hornet zombie (D:8)
  2 sky beasts (D:7)
  48 orc warriors
  5 black bears
  3 boggarts (Lair:6)
  10 centaurs
  28 wolves
  6 ogres
  2 phantoms
  A kobold brigand (D:7)
  13 bullfrogs
  An earth elemental (Elf:1)
  A water moccasin zombie (D:6)
  2 scorpions (D:5)
  A water moccasin skeleton (D:5)
  3 wights (D:7)
  A howler monkey (D:11)
  6 electric eels
  A bullfrog zombie (D:5)
  7 centaur zombies
  14 jellies
  3 hounds
  29 orc priests
  3 centaur skeletons
  A gnoll shaman (D:8)
  3 iguanas
  25 orc wizards
  2 hound skeletons
  A howler monkey zombie (D:10)
  8 gnolls
  6 adders
  A shadow imp (D:7)
  A white imp (D:8)
  An ufetubus (D:3)
  6 worms
  2 dart slugs
  77 orcs
  5 endoplasms
  2 giant cockroaches
  5 goblins
  7 hobgoblins
  9 jackals
  4 kobolds
  A quokka (D:2)
  4 ball pythons
  2 bats
  4 frilled lizards
  9 rats
  2 butterflies
710 creatures vanquished.

Vanquished Creatures (others)
  A deep elf knight (Elf:1)
  An orc wizard (D:6)
  45 fungi
  72 plants
119 creatures vanquished.

Grand Total: 829 creatures vanquished

Notes
Turn   | Place    | Note
-------+----------+-------------------------------------------
     0 | D:1      | Peloso the Minotaur Fighter began the quest for the Orb.
     0 | D:1      | Reached XP level 1. HP: 19/19 MP: 0/0
   437 | D:1      | Reached XP level 2. HP: 27/27 MP: 1/1
   947 | D:2      | Reached skill level 4 in Armour
  1136 | D:2      | Reached XP level 3. HP: 15/33 MP: 2/2
  1850 | D:3      | Found a faded altar of an unknown god.
  2426 | D:3      | Reached XP level 4. HP: 40/40 MP: 3/3
  2980 | D:4      | Reached skill level 5 in Armour
  2987 | D:4      | Reached XP level 5. HP: 41/47 MP: 4/4
  3094 | D:4      | Noticed a phantom
  3110 | D:4      | Killed a phantom
  3419 | D:4      | Noticed Sigmund
  3432 | D:4      | Killed Sigmund
  3433 | D:4      | Reached skill level 5 in Long Blades
  3433 | D:4      | Reached skill level 6 in Armour
  3433 | D:4      | Reached XP level 6. HP: 48/55 MP: 5/5
  3714 | D:5      | Entered Level 5 of the Dungeon
  3727 | D:5      | Reached XP level 7. HP: 38/60 MP: 6/6
  3863 | D:5      | Reached skill level 5 in Fighting
  3876 | D:5      | Reached skill level 1 in Dodging
  4129 | D:5      | Reached skill level 7 in Armour
  4162 | D:5      | Reached skill level 5 in Shields
  4360 | D:5      | Reached XP level 8. HP: 49/69 MP: 7/7
  4850 | D:5      | Found an ornate altar of the Wu Jian Council.
  5174 | D:6      | Noticed Prince Ribbit
  5220 | D:6      | Killed Prince Ribbit
  5221 | D:6      | Reached skill level 8 in Armour
  5831 | D:7      | Found a staircase to the Ecumenical Temple.
  5838 | Temple   | Entered the Ecumenical Temple
  5843 | Temple   | Became a worshipper of Warmaster Okawaru
  6179 | D:7      | Reached * piety under Okawaru
  6420 | D:7      | Reached XP level 9. HP: 74/78 MP: 8/8
  7224 | D:8      | Found Quha's General Store.
  7327 | D:8      | Reached skill level 1 in Stealth
  7554 | D:8      | Reached ** piety under Okawaru
  7555 | D:8      | Reached skill level 9 in Armour
  7630 | D:8      | Reached skill level 10 in Long Blades
  7848 | D:8      | Noticed a five-headed hydra
  7862 | D:8      | Killed a five-headed hydra
  8497 | D:6      | Reached skill level 10 in Armour
  8882 | D:6      | Noticed Maggie
  8888 | D:6      | Reached *** piety under Okawaru
  8889 | D:6      | Reached XP level 10. HP: 83/86 MP: 6/9
  8900 | D:6      | Killed Maggie
  9205 | D:9      | Noticed a two-headed ogre
  9231 | D:9      | Killed a two-headed ogre
  9232 | D:9      | Reached skill level 11 in Armour
  9232 | D:9      | Reached skill level 1 in Evocations
  9821 | D:9      | Found a staircase to the Lair.
  9947 | D:10     | Entered Level 10 of the Dungeon
 10219 | D:10     | Reached **** piety under Okawaru
 10582 | D:10     | You fall into a shaft and drop 3 floors!
 10675 | D:13     | Noticed a deep elf pyromancer
 10685 | D:13     | Killed a deep elf pyromancer
 10708 | D:13     | Noticed an eight-headed hydra
 10734 | D:13     | Killed a four-headed hydra
 10735 | D:13     | Reached XP level 11. HP: 23/97 MP: 8/10
 11061 | D:13     | Noticed a deep elf pyromancer
 11069 | D:13     | Killed a deep elf pyromancer
 11070 | D:13     | Reached skill level 1 in Invocations
 11108 | D:13     | Noticed a green ugly thing
 11131 | D:13     | Killed a green ugly thing
 11131 | D:13     | Reached ***** piety under Okawaru
 11132 | D:13     | Reached skill level 12 in Armour
 11417 | D:13     | Noticed a +12 long sword
 11424 | D:13     | Killed a +12 long sword
 11429 | D:13     | Found a gate to the Vaults.
 11430 | D:13     | Noticed a +6 long sword
 12388 | D:11     | Noticed a boulder beetle
 12401 | D:11     | Killed a boulder beetle
 12402 | D:11     | Reached skill level 1 in Axes
 12618 | D:11     | Found an iron altar of Okawaru.
 13195 | D:11     | Noticed a four-headed hydra
 13210 | D:11     | Killed a one-headed hydra
 13210 | D:11     | Received a gift from Okawaru
 13211 | D:11     | Reached skill level 10 in Fighting
 13463 | Lair:1   | Entered Level 1 of the Lair of Beasts
 13677 | Lair:1   | Reached skill level 13 in Armour
 13944 | Lair:1   | Reached XP level 12. HP: 107/107 MP: 12/12
 14008 | Lair:1   | Noticed a six-headed hydra
 14016 | Lair:1   | Killed a three-headed hydra
 14016 | Lair:1   | Received a gift from Okawaru
 14016 | Lair:1   | Reached ****** piety under Okawaru
 14990 | Lair:2   | Noticed a seven-headed hydra
 14999 | Lair:2   | Killed a three-headed hydra
 15222 | Lair:2   | You fall into a shaft and drop 2 floors!
 15264 | Lair:4   | Noticed a death yak
 15264 | Lair:4   | Noticed a death yak
 15265 | Lair:4   | Noticed a death yak
 15265 | Lair:4   | Noticed a death yak
 15266 | Lair:4   | Noticed a death yak
 15300 | Lair:3   | Killed a death yak
 15326 | Lair:4   | Noticed a death yak
 15335 | Lair:3   | Killed a death yak
 15356 | Lair:3   | Killed a death yak
 15361 | Lair:3   | Killed a death yak
 15362 | Lair:3   | Reached skill level 14 in Armour
 15843 | Lair:4   | Killed a death yak
 15851 | Lair:4   | Killed a death yak
 15855 | Lair:4   | Reached skill level 15 in Long Blades
 16460 | Lair:2   | Found a staircase to the Swamp.
 16837 | Lair:2   | Reached XP level 13. HP: 114/118 MP: 14/14
 16841 | Lair:2   | Identified the +3 leather armour of the Little Devil {rPois
                  | rC- Dex+4}
 16995 | Lair:2   | Reached skill level 15 in Armour
 17206 | Lair:3   | Received a gift from Okawaru
 18035 | Lair:4   | Found a staircase to the Snake Pit.
 18711 | Lair:4   | Found a runed translucent gate.
 18712 | Lair:4   | Found a runed translucent gate.
 19072 | Lair:4   | Noticed Fiha's ghost (journeyman VSTm)
 19125 | Lair:4   | Found a runed translucent gate.
 19126 | Lair:4   | Noticed a minotaur
 20042 | D:12     | Found Puaroh's Weapon Boutique.
 20042 | D:12     | Found a staircase to the Orcish Mines.
 20051 | D:12     | Reached skill level 10 in Shields
 20430 | D:12     | Reached skill level 5 in Axes
 20845 | D:12     | Reached skill level 16 in Armour
 20879 | D:12     | Identified the +1 ring mail of Soon Ocy {-Tele Rampage rN+}
 21177 | Orc:1    | Entered Level 1 of the Orcish Mines
 21191 | Orc:1    | Received a gift from Okawaru
 21697 | Orc:2    | Entered Level 2 of the Orcish Mines
 21697 | Orc:2    | Noticed Azrael
 22500 | Orc:2    | Killed Azrael
 22597 | Orc:2    | Found Motumomp's Armour Emporium.
 22626 | Orc:2    | HP: 6/122 [orc warrior/+0 battleaxe[an orc high priest]
                  | (29)]
 23863 | Orc:2    | Found a staircase to the Elven Halls.
 24350 | Orc:1    | Reached XP level 14. HP: 103/127 MP: 15/15
 26766 | Orc:2    | Found Semn's Distillery.
 26766 | Orc:2    | Found Fuohuin's Weapon Shoppe.
 26772 | Orc:2    | Found Ybrifaki's Book Shoppe.
 26772 | Orc:2    | Found Nufat Xes's Magic Scroll Emporium.
 26781 | Orc:2    | Bought a potion of mutation for 128 gold pieces
 26784 | Orc:2    | Bought a scroll of identify for 32 gold pieces
 26786 | Orc:2    | Bought a scroll of brand weapon for 320 gold pieces
 26796 | Orc:2    | Bought a scroll of brand weapon for 320 gold pieces
 27326 | Orc:2    | Received a gift from Okawaru
 27553 | Orc:1    | Found a shimmering blue altar of Sif Muna.
 27572 | Orc:1    | Got Sif Muna's Reference Book on Changing
 27659 | Orc:1    | Found a burning altar of Makhleb.
 28172 | D:13     | Reached skill level 17 in Armour
 28716 | D:14     | Identified the +1 kite shield of Rikieg {Drain +Inv Regen+
                  | Stlth+} (Okawaru gifted it to you on level 14 of the
                  | Dungeon)
 28716 | D:14     | Received a gift from Okawaru
 29010 | D:14     | Found Xigiel's Distillery.
 29010 | D:14     | Found Ynur's Assorted Antiques.
 29072 | D:14     | Bought a scroll labelled CUOPA EKLA for 23 gold pieces
 29515 | D:15     | Entered Level 15 of the Dungeon
 29570 | D:15     | Noticed Rupert
 29573 | D:15     | Paralysed by Rupert for 5 turns
 29588 | D:15     | Killed Rupert
 29808 | D:15     | Found a broken altar of Ashenzari.
 29925 | D:15     | Found a staircase to the Depths.
 29947 | D:15     | Reached XP level 15. HP: 136/139 MP: 17/17
 30357 | D:15     | Noticed Jorgrun
 30370 | D:15     | Killed Jorgrun
 30994 | Lair:5   | Found a staircase to the Slime Pits.
 31168 | Lair:5   | Received a gift from Okawaru
 31536 | Lair:5   | Reached skill level 15 in Fighting
 31630 | Lair:6   | Entered Level 6 of the Lair of Beasts
 32005 | Lair:6   | Reached skill level 18 in Armour
 32274 | Lair:6   | Received a gift from Okawaru
 32714 | Lair:6   | Noticed Snorg
 32722 | Lair:6   | Killed Snorg
 32722 | Lair:6   | Identified the +3 great sword of the Butterfly {antimagic,
                  | *Corrode rF+ rN+ Stlth+} (Okawaru gifted it to you on level
                  | 6 of the Lair of Beasts)
 32722 | Lair:6   | Received a gift from Okawaru
 33170 | Lair:4   | Killed Fiha's ghost
 33497 | Elf:1    | Entered Level 1 of the Elven Halls
 33634 | Elf:1    | Reached skill level 15 in Shields
 33654 | Elf:1    | Reached XP level 16. HP: 59/150 MP: 18/18
 33656 | Elf:1    | Identified the +1 falchion of Hajos {flame, rF+ MP+9 Str-4
                  | Dex+4} (Okawaru gifted it to you on level 1 of the Elven
                  | Halls)
 33656 | Elf:1    | Received a gift from Okawaru
 33845 | Elf:1    | Got the Guide on Conjuration
 34004 | Elf:1    | Killed from afar by a deep elf annihilator

Illustrated notes

Levels and vault maps discovered:
D:1:      ncdulo_wetmaze, layout_basic, minmay_cupped
D:2:      layout_basic, minmay_misc_feat_room
D:3:      layout_basic, dreamdust_ecumenical_altar_statues, bh_walls_and_bars
D:4:      layout_loops_ring, uniq_sigmund
D:5:      layout_basic, pdpol_wu_jian_five_deadly_venoms, minivault_14,
          minivault_5
D:6:      layout_basic, serial_bayou, serial_bayou_lagoon_a,
          serial_bayou_pond_e, serial_bayou_pond_b, serial_bayou_shore_b,
          uniq_maggie, uniq_prince_ribbit1
D:7:      layout_basic, minmay_temple_entry_offerings, minmay_stone_trees_small,
          kennysheep_generic_room_6
D:8:      minmay_goldmine, layout_loops_ring, serial_shops, shop
D:9:      layout_cave_pools, dpeg_oklobed_lair
D:10:     layout_irregular_city, kennysheep_generic_room_14
D:11:     layout_basic, kennysheep_cross_room, okawaru_metal_pillars_1_2
D:12:     layout_loops_cross, orc_david_3, grunt_ministairs_2
D:13:     minmay_inner_zag, layout_rooms, erik_vaults_1
D:14:     layout_loops_ring, serial_bayou, serial_bayou_pond_e,
          serial_bayou_crossing, serial_bayou_pond_b, serial_bayou_shore_b,
          nicolae_wooded_promenade
D:15:     grunt_enter_depths_magical_seal, layout_grid_maze, st_stairs_5,
          nicolae_ashenzari_skybound, uniq_jorgrun, uniq_rupert
Temple:   nicolae_temple_the_god_donut
Lair:1:   layout_small_grid, beast_lair_carwin_11, lemuel_fruit_fields,
          infiniplex_staircase_pool_2
Lair:2:   layout_gridlike, minmay_swamp_entry_worms, grunt_megastairs_2
Lair:3:   layout_concentric_octagons
Lair:4:   layout_regular_city, minmay_snake_entry_six_corridors,
          maelrawn_ghost_gauntlet_escape, grunt_forest_stairs_basic,
          serial_bayou_shore_b
Lair:5:   layout_concentric_octagons, minmay_slime_entry_jelly_boxes
Lair:6:   minmay_lair_end_enchanted_forest, layout_gridlike,
          lemuel_fruit_fields, uniq_snorg
Orc:1:    layout_diamond_mine, basic_altar, led_sif_book
Orc:2:    st_orc_pillars, layout_diamond_mine, serial_shops, shop, uniq_azrael
Elf:1:    layout_loops_cross, minmay_elf_annihilation,
          nicolae_elf_variegated_diamond

Skill      XL: |  1  2  3  4  5  6  7  8  9 10 11 12 13 14 15 16 |
---------------+-------------------------------------------------+-----
Armour         | 4 5 6 7 8 10 11 13 14 16 17 18 | 18.6
Shields        | 4 5 6 7 8 9 10 12 15 | 15.3
Long Blades    | 3 5 6 9 10 12 14 15 16 17 | 17.8
Fighting       | 4 5 6 7 9 10 12 13 14 15 16 | 16.0
Dodging        | 2 3 4 |  4.9
Stealth        | 1 2 |  2.3
Evocations     | 1 2 |  2.3
Invocations    | 2 3 4 |  4.6
Axes           | 2 3 5 |  5.5
Polearms       | |  0.8

Action                   |  1- 3 |  4- 6 |  7- 9 | 10-12 | 13-15 | 16-18 || total
-------------------------+-------+-------+-------+-------+-------+-------++-------
Melee: Long sword        |    95 |    90 |   309 |   466 |  1254 |    44 ||  2258
       Headbutt          |    11 |    14 |    53 |   119 |   321 |     7 ||   525
       Spear             |       |       |     6 |       |       |       ||     6
       War axe           |       |       |       |    20 |    21 |       ||    41
       Scimitar          |       |       |       |       |    34 |       ||    34
Invok: Heroism           |       |       |     2 |    18 |    32 |       ||    52
Evoke: Wand              |       |       |     4 |     6 |     5 |       ||    15
  Use: Scroll            |     4 |       |     4 |     7 |    10 |       ||    25
       Potion            |     3 |       |     1 |     8 |     3 |       ||    15
Armor: Scale mail        |    30 |       |       |       |       |       ||    30
       Chain mail        |     8 |    41 |   150 |       |       |       ||   199
       Plate armour      |       |       |    66 |   329 |   762 |    17 ||  1174
Dodge: Dodged            |    49 |    27 |    98 |   157 |   436 |    16 ||   783
Block: Buckler           |    21 |    14 |    83 |   124 |   261 |       ||   503
       Kite shield       |       |       |       |       |   436 |    18 ||   454
